 Dungeon Crawl Stone Soup version 0.29-a0-330-g52719c12eb (webtiles) character file.

Game seed: 8409007085905732331

221 thiscave3701365 the Chopper (level 5, -5/47 HPs)
             Began as a Hill Orc Berserker on Apr 12, 2022.
             Was a Believer of Trog.
             Slain by Terence
             ... wielding a +0 short sword
              (7 damage)
             ... on level 2 of the Dungeon.
             The game lasted 00:02:15 (2682 turns).

thiscave3701365 the Chopper (Hill Orc Berserker)    Turns: 2682, Time: 00:02:15

Health: -5/47      AC:  2    Str: 22    XL:     5   Next: 98%
Magic:  5/5        EV: 12    Int:  7    God:    Trog [**....]
Gold:   84         SH:  0    Dex: 10    Spells: 4/4 levels left

rFire   . . .      SeeInvis .   a - +0 hand axe
rCold   . . .      Faith    .   (no shield)
rNeg    . . .      Spirit   .   b - +0 animal skin
rPois   .          Reflect  .   (no helmet)
rElec   .          Harm     .   (no cloak)
rCorr   .          Rampage  .   (no gloves)
Will    .....                   (no boots)
Stlth   +.........              (no amulet)
HPRegen 0.15/turn               (no ring)
MPRegen 0.09/turn               (no ring)

@: on berserk cooldown, slowed, very slow
A: no striking features
a: Renounce Religion, Berserk, Trog's Hand


You were on level 2 of the Dungeon.
You worshipped Trog.
Trog was pleased with you.
You visited 1 branch of the dungeon, and saw 2 of its levels.

You collected 84 gold pieces.

Inventory:

Hand Weapons
 a - a +0 hand axe (weapon)
Armour
 b - a +0 animal skin (worn)
Scrolls
 c - 3 scrolls of identify {unknown}
 d - 2 scrolls of enchant armour {unknown}
 f - a scroll of magic mapping {unknown}
 g - a scroll of silence {unknown}
 k - 2 scrolls of fog {unknown}
Potions
 e - 2 potions of berserk rage {unknown}
 h - 2 potions of heal wounds {unknown}
 i - 2 potions of curing {unknown}
 j - a potion of might {unknown}
 l - a potion of mutation {unknown}


   Skills:
 + Level 4.9 Fighting
 + Level 5.4 Axes
 + Level 3.7 Armour
 + Level 2.8 Dodging


You had 4 spell levels left.
You didn't know any spells.
Your spell library was empty.

Dungeon Overview and Level Annotations

Branches:
Dungeon (2/15)

Altars:
Sif Muna

Annotations:
D:2 Terence


Message History

Trog says: Kill them all!
Press ? for a list of commands and other information.
Terence is nearby!
Terence is nearby!
You are too injured to fight recklessly!
Terence is nearby!
You are too injured to fight recklessly!
Unknown command.
Terence is nearby!
You are too injured to fight recklessly!
Terence is nearby!
You are too injured to fight recklessly!
Unknown command.
Terence is nearby!
You are too injured to fight recklessly!
Okay, then.
Search for what [? for help]? armo Search for what [Enter for "armo", or ? for help]?
Okay, then.
Terence shouts!
Okay, then.
Terence hits you with a +0 short sword.
You closely miss Terence. Terence misses you.
Terence hits you with a +0 short sword.
* * * LOW HITPOINT WARNING * * *
A kobold comes into view. It is wielding a +0 club.
You closely miss Terence. Terence says, "How do you enjoy it?"
Terence hits you with a +0 short sword.
* * * LOW HITPOINT WARNING * * *
You hit Terence.
Terence is lightly wounded.
Terence hits you with a +0 short sword.
* * * LOW HITPOINT WARNING * * *
Terence hits you with a +0 short sword.
* * * LOW HITPOINT WARNING * * *
You hit Terence but do no damage.
Terence is lightly wounded.
Terence hits you with a +0 short sword!
You die...

#.######.## #........#
#.# #... ........# #..
#... .....#.#####. ###.
##...K.<......# ######
##.............. ......
#...............#######
#.....@................
#.....@.........#######
#............... #.
#........[...... ##.
##.....!.†.....# ##..
##.....#.....## #..#
###..######## ##.##
##..# #..# ##.#######
#.## #.......# ###.#


You could see Terence and a kobold.

Vanquished Creatures
  Sigmund (D:2)
  A gnoll (D:1)
  An adder (D:2)
  2 worms (D:2)
  A dart slug (D:2)
  2 bats
  9 endoplasms
  3 giant cockroaches
  4 goblins
  6 hobgoblins
  A quokka (D:2)
  2 ball pythons
  2 frilled lizards (D:1)
  2 kobolds (D:1)
  6 rats
43 creatures vanquished.

Notes
Turn   | Place    | Note
-------+----------+-------------------------------------------
     0 | D:1      | thiscave3701365 the Hill Orc Berserker began the quest for
                  | the Orb.
     0 | D:1      | Reached XP level 1. HP: 19/19 MP: 1/1
   247 | D:1      | Reached XP level 2. HP: 25/27 MP: 2/2
  1061 | D:1      | Reached XP level 3. HP: 3/33 MP: 3/3
  2154 | D:2      | Reached XP level 4. HP: 40/40 MP: 4/4
  2179 | D:2      | Found a shimmering blue altar of Sif Muna.
  2526 | D:2      | Reached ** piety under Trog
  2651 | D:2      | Noticed Sigmund
  2672 | D:2      | Killed Sigmund
  2673 | D:2      | Reached skill level 5 in Axes
  2673 | D:2      | Reached XP level 5. HP: 19/47 MP: 5/5
  2675 | D:2      | Noticed Terence
  2681 | D:2      | HP: 2/47 [Terence/+0 short sword (3)]
  2682 | D:2      | Slain by Terence

Illustrated notes

Levels and vault maps discovered:
D:1:      enne_arrival_octagon_isle, layout_loops_corners,
          nicolae_figureground_pulse
D:2:      minmay_evil_eye, layout_rooms, basic_altar, uniq_terence, uniq_sigmund

Skill      XL: |  1  2  3  4 |
---------------+-------------+-----
Fighting       | 4 |  4.9
Dodging        | 2 |  2.8
Armour         | 3 |  3.7
Axes           | 5 |  5.4

Action                   |  1- 3 |  4- 6 || total
-------------------------+-------+-------++-------
Melee: Hand axe          |   113 |    42 ||   155
       Punch             |       |     1 ||     1
Invok: Berserk           |     1 |     2 ||     3
 Stab: Sleeping          |     3 |       ||     3
Armor: Animal skin       |    14 |     2 ||    16
Dodge: Dodged            |    53 |    24 ||    77

Table legend: (Time is in decaauts)
 A = Elapsed time spent in this place.
 B = Non-inter-level travel time spent in this place.
 C = Inter-level travel time spent in this place.
 D = Time resting spent in this place.
 E = Time spent auto-exploring this place.
 F = Levels seen in this place.
 G = Mean time per level.
                   A        B        C        D        E       F      G
               +--------+--------+--------+--------+--------+-----+--------+
         Total |   2708 |   2690 |     18 |    516 |   1861 |   2 | 1354.0 |
       Dungeon |   2708 |   2690 |     18 |    516 |   1861 |   2 | 1354.0 |
               +--------+--------+--------+--------+--------+-----+--------+

Top non-repeatable levels by time:
     D:1: 1735 daAuts
     D:2: 972 daAuts
